cohdb
Replays
Latest Replays
All Replays
Popular Replays
Top Player Replays
Match Explorer
How It Works
Community
CoH3 Stats
Reddit
Sign in to upload your games and track your stats! →
Sign in with Steam
Match 45204893
Unlisted
Match 45204893
Overview
Messages
Build Orders
End
Kradschützen Motorcycle Team
Selects Italian Combined Arms Battlegroup
Selects Bersaglieri Squad
Bersaglieri Squad
Bersaglieri Squad
Construct Light Support Kompanie
Bersaglieri Squad
Selects Bersaglieri Bolster
2.5-tonne Medical Truck
Fire Support Elements
le.IG 18 Mechanized Group
Selects Vehicle Support - Force Recon
Selects Breda Model 30 Light Machine Guns
Panzerjäger Squad
Panzerjäger Squad
Forward Retreat Point
Forward Retreat Point
Construct Panzerarmee Kommand
Selects Semovente da 75/18 Assault Gun
Selects Strafing Run
Strafing Run
Armored Reserves
Selects Artillery Cover
Artillery Cover
Strafing Run
Tiger Heavy Tank
Be.Nice
Beary bear
nexnbb
Starbuckshunter
Brick_man
VvvV
抖音二呆
实践
0
0
Comments
sign in to comment!
No comments posted yet!